 Dungeon Crawl Stone Soup version 0.29.0-13-gc9e81de378 (webtiles) character file.

Game seed: 472427410992109875

5210 ystael the Cleaver (level 10, 0/87 (90) HPs)
             Began as a Minotaur Fighter on Sept 7, 2022.
             Was a Believer of the Shining One.
             Slain by an orc warrior
             ... wielding a +0 battleaxe
              (16 damage)
             ... on level 9 of the Dungeon.
             The game lasted 00:20:27 (9788 turns).

ystael the Cleaver (Minotaur Fighter)               Turns: 9788, Time: 00:20:27

HP:   0/87 (90)     AC: 17    Str: 28    XL:     10   Next: 35%
MP:   9/9           EV:  7    Int:  5    God:    the Shining One [**....]
Gold: 1321          SH:  8    Dex: 13    Spells: 9/9 levels left

rFire   . . .      SeeInvis .   a - +2 war axe
rCold   . . .      Faith    .   j - +2 buckler
rNeg    + . .      Spirit   .   A - +0 plate armour
rPois   .          Reflect  .   (helmet restricted)
rElec   .          Harm     .   (no cloak)
rCorr   .          Rampage  .   n - +1 pair of gloves
Will    +....                   t - +0 pair of boots
Stlth   ..........              v - amulet of magic regeneration
HPRegen 0.24/turn               w - +6 ring of strength
MPRegen 0.51/turn               H - ring of willpower

@: glowing, lightly drained
A: horns 2, retaliatory headbutt
a: Renounce Religion, Divine Shield


You were on level 9 of the Dungeon.
You worshipped the Shining One.
The Shining One was pleased with you.
You visited 2 branches of the dungeon, and saw 10 of its levels.
You also visited: Sewer and Bailey.

You collected 1321 gold pieces.

Inventory:

Hand Weapons
 a - a +2 war axe (weapon)
 b - a +2 sling of freezing
 c - a +2 flail of protection
Missiles
 g - a curare-tipped dart
 i - 71 stones
 l - 9 poisoned darts
 z - 6 javelins
 I - 2 boomerangs of dispersal
Armour
 j - a +2 buckler (worn)
 n - a +1 pair of gloves (worn)
 t - a +0 pair of boots (worn)
 A - a +0 plate armour (worn)
Jewellery
 v - an amulet of magic regeneration (around neck)
 w - a +6 ring of strength (left hand)
 H - a ring of willpower (right hand)
Wands
 e - a wand of flame (22)
 y - a wand of digging (8)
 D - a wand of charming (9)
 G - a wand of mindburst (11)
Scrolls
 f - 3 scrolls of amnesia
 q - 4 scrolls of butterflies
 x - 2 scrolls of magic mapping
 E - 2 scrolls of teleportation
Potions
 d - 3 potions of might
 h - a potion of attraction
 k - 3 potions of heal wounds
 m - a potion of lignification
 o - a potion of brilliance
 p - a potion of haste {unknown}
 r - a potion of flight
 s - a potion of mutation
 u - a potion of curing
 B - 2 potions of magic {unknown}
 F - a potion of resistance


   Skills:
 + Level 8.4 Fighting
 * Level 11.1 Axes
 + Level 6.8 Ranged Weapons
 + Level 8.3 Armour
 + Level 8.1 Shields


You had 9 spell levels left.
You didn't know any spells.
Your spell library contained the following spells:

 Spells                   Type           Power      Damage    Failure   Level
 Magic Dart               Conj           0%         1d3       99%         1
 Call Imp                 Summ           0%         N/A       100%        2
 Ensorcelled Hibernation  Hex/Ice        0%         N/A       100%        2
 Passwall                 Tmut/Erth      0%         N/A       100%        2
 Sublimation of Blood     Necr           0%         N/A       100%        2
 Wereblood                Tmut           0%         N/A       100%        2
 Dazzling Flash           Conj/Hex       0%         N/A       100%        3
 Mephitic Cloud           Conj/Pois/Air  0%         N/A       100%        3
 Ozocubu's Armour         Ice            0%         N/A       100%        3
 Spider Form              Tmut/Pois      0%         N/A       100%        3
 Swiftness                Air            0%         N/A       100%        3
 Anguish                  Hex/Necr       0%         N/A       100%        4
 Iskenderun's Mystic Bla  Conj/Tloc      0%         2d3       100%        4
 Metabolic Englaciation   Hex/Ice        0%         N/A       100%        5
 Simulacrum               Ice/Necr       0%         N/A       100%        6
 Starburst                Conj/Fire      0%         6d3       100%        6
 Summon Hydra             Summ           0%         N/A       100%        7


Dungeon Overview and Level Annotations

Branches:
Dungeon (9/15)             Temple (1/1) D:5             Orc (0/2) D:9
  Sewer (visited)          Bailey (visited)
   Lair: D:8-11

Altars:
Ashenzari
Cheibriados
Elyvilon
Fedhas
Hepliaklqana
Kikubaaqudgha
Qazlal
Ru
Trog
Uskayaw
Vehumet
Wu Jian
Xom
Yredelemnul
The Shining One


Innate Abilities, Weirdness & Mutations

You have a pair of horns on your head.
You reflexively headbutt those who attack you in melee.


Message History

You are too injured to fight recklessly!
You are too injured to fight recklessly!
You hit the orc warrior but do no damage.
The orc warrior is almost dead.
The orc warrior hits you with a +0 dire flail!
You completely miss the orc warrior. You headbutt the orc warrior.
The orc warrior is almost dead.
You slash the orc warrior!
You kill the orc warrior!
You hit the orc but do no damage. You headbutt the orc, but do no damage.
The orc hits you but does no damage.
You hit the orc. You headbutt the orc, but do no damage.
The orc is lightly wounded.
The orc hits you but does no damage.
An orc comes into view. It is wielding a +0 dagger of venom.
You slash the orc!
You kill the orc!
An orc wizard comes into view. It is wielding a +0 dagger.
An orc comes into view. It is wielding a +0 hand axe.
The orc shouts!
You hear a shout!
Items here: ))) [[ ††.
You hit the orc warrior. You headbutt the orc warrior.
The orc warrior is heavily wounded.
You block the orc warrior's attack.
You barely miss the orc warrior. You headbutt the orc warrior.
The orc warrior is heavily wounded.
An orc priest comes into view. It is wielding a +0 hand axe.
The orc warrior hits you with a +0 battleaxe!
* * * LOW HITPOINT WARNING * * *
The orc priest shouts!
You hit the orc warrior but do no damage.
The orc warrior is heavily wounded.
You hear a shout! x2
You block the orc warrior's attack.
The orc wizard gestures wildly while chanting.
The orc wizard flickers and vanishes for a moment.
You hit the orc warrior.
The orc warrior is severely wounded.
The orc warrior hits you with a +0 battleaxe!
You die...

.####).###.#### *,*
.))[[?........# *,*
#####[~~~~~≈~.# *,* #.~##.##~.#
**********,* #.~#...#~.#
*,,,,,,,,,,* *#.~#.∩.#~.#
*,************* ****..~#...#~.#
*,#**8***8***,**
,,,...~#####~.####.#*,,,*,,,*,,,*
**###.~~~≈~≈~...@oo#,,,,,,,,,,,,,
*...........###ooo...,,,,,,,,,
*#.#####....# **#....,,,,,,,,,
*** ###### **...*,,,*,,,*
**8#**8***8** *** *** ***


You could see an orc warrior, 2 orc wizards and 2 orcs.

Vanquished Creatures
  Pikel (D:5)
  A troll (D:8)
  2 hornets (D:8)
  Sigmund (D:3)
  A wyvern (D:9)
  A steam dragon (D:7)
  5 water moccasins
  An ice beast (D:6)
  3 orc warriors
  2 black bears
  4 sky beasts
  2 ogres
  3 phantoms
  2 lemures (D:5)
  A kobold brigand (Sewer)
  3 bullfrogs (D:7)
  2 scorpions
  10 wights
  An electric eel (D:6)
  A jelly (D:6)
  7 hounds
  5 orc priests
  Jessica (D:3)
  4 orc wizards
  2 iguanas
  Robin (D:3)
  8 gnolls (Bailey)
  12 adders
  A river rat (Sewer)
  An ufetubus (D:5)
  5 dart slugs
  2 worms (D:3)
  39 orcs
  9 ball pythons
  9 bats
  4 endoplasms
  4 giant cockroaches
  20 goblins
  11 hobgoblins
  10 jackals
  2 quokkas
  5 frilled lizards
  10 kobolds
  13 rats
232 creatures vanquished.

Vanquished Creatures (others)
  11 plants
11 creatures vanquished.

Grand Total: 243 creatures vanquished

Notes
Turn   | Place    | Note
-------+----------+-------------------------------------------
     0 | D:1      | ystael the Minotaur Fighter began the quest for the Orb.
     0 | D:1      | Reached XP level 1. HP: 19/19 MP: 0/0
   144 | D:1      | Reached XP level 2. HP: 22/27 MP: 1/1
   238 | D:1      | You fall into a shaft and drop 1 floor!
   291 | D:2      | Reached skill level 3 in Axes
   421 | D:2      | Reached XP level 3. HP: 33/33 MP: 2/2
   440 | D:2      | Reached skill level 1 in Ranged Weapons
   820 | D:1      | Found a faded altar of an unknown god.
  1642 | D:2      | Reached XP level 4. HP: 37/40 MP: 3/3
  1912 | D:2      | Identified a scroll of acquirement
  1912 | D:2      | Acquired 859 gold pieces
  1979 | D:3      | Noticed Jessica
  1992 | D:3      | Killed Jessica
  1993 | D:3      | Reached skill level 4 in Axes
  2068 | D:3      | Found a glowing drain.
  2230 | Sewer    | Entered a sewer
  2279 | Sewer    | Reached XP level 5. HP: 47/47 MP: 4/4
  3067 | D:3      | Reached skill level 5 in Axes
  3067 | D:3      | Reached XP level 6. HP: 26/53 MP: 5/5
  3422 | D:3      | Noticed Sigmund
  3437 | D:3      | Killed Sigmund
  3438 | D:3      | Reached skill level 5 in Fighting
  3438 | D:3      | Reached skill level 5 in Armour
  3466 | D:3      | Noticed Robin
  3473 | D:3      | Killed Robin
  4029 | D:4      | Reached XP level 7. HP: 61/61 MP: 6/6
  4092 | D:4      | Reached skill level 5 in Shields
  4169 | D:4      | Reached skill level 6 in Axes
  4252 | D:4      | Found a hazy altar of Hepliaklqana.
  4878 | D:5      | Entered Level 5 of the Dungeon
  4899 | D:5      | Noticed Pikel
  4917 | D:5      | Killed Pikel
  4918 | D:5      | Reached skill level 7 in Axes
  4918 | D:5      | Reached XP level 8. HP: 38/70 MP: 7/7
  5298 | D:5      | Found a staircase to the Ecumenical Temple.
  5306 | Temple   | Entered the Ecumenical Temple
  5416 | Temple   | Became a worshipper of the Shining One
  5458 | D:5      | Reached skill level 8 in Axes
  5504 | D:5      | Found a snail-covered altar of Cheibriados.
  5993 | D:6      | Found a sacrificial altar of Ru.
  6010 | D:6      | Found a shimmering altar of Xom.
  6091 | D:6      | Reached skill level 5 in Ranged Weapons
  6405 | D:6      | Reached XP level 9. HP: 73/77 MP: 8/8
  6486 | D:6      | Reached * piety under the Shining One
  6626 | D:6      | Reached skill level 9 in Axes
  7507 | D:7      | Found an ancient bone altar of Kikubaaqudgha.
  7568 | D:7      | Reached skill level 10 in Axes
  8289 | D:8      | Reached XP level 10. HP: 76/88 MP: 9/9
  8706 | D:8      | Reached ** piety under the Shining One
  9049 | D:9      | Reached skill level 11 in Axes
  9061 | D:9      | Found a flagged portal.
  9098 | Bailey   | Entered a bailey
  9311 | Bailey   | Noticed an orc knight
  9788 | D:9      | Slain by an orc warrior

Illustrated notes

Levels and vault maps discovered:
D:1:      kennysheep_arrival_seaside, layout_basic,
          shapermc_ecumenical_altar_ellora, serial_co_window_serial,
          co_window_paths_a, co_window_paths_a, co_window_paths_b,
          co_window_of_opportunity_a, co_window_paths_a, co_window_paths_a,
          co_window_corner_a, co_window_corner_ca, co_window_corner_b,
          co_window_2corner, co_window_paths_e
D:2:      minmay_diamond_boxcup, layout_basic, kennysheep_nondescript,
          kennysheep_nub
D:3:      layout_basic, gup_sewer_entry_bowl, hex_large, st_stairs_2,
          hangedman_decor_peaks_small, serial_bayou_pond_d,
          minmay_misc_feat_rugged, uniq_robin, uniq_jessica, uniq_sigmund
D:4:      layout_basic, mainiacjoe_overflow_alcove_2, serial_glass,
          glass_columns_a, glass_columns_a, glass_columns_c, glass_columns_b
D:5:      layout_loops_ring, mainiacjoe_overflow_surrounded_room,
          minmay_temple_entry_gardened_gates, minmay_strange_pillars, uniq_pikel
D:6:      layout_loops_corners, mainiacjoe_overflow_big_doors, minivault_14
D:7:      layout_loops_ring, lemuel_coloured_pillars_altar,
          chequers_serial_rivers_marsh
D:8:      layout_loops_ring
D:9:      cheibrodos_statue_roulette, layout_loops_ring, jmf_multi_god_temple2,
          david_orc_4, enter_bailey_3, ebering_dispersal_statue_hall
Temple:   compressed_dpeg_circular_temple

Skill      XL: |  1  2  3  4  5  6  7  8  9 10 |
---------------+-------------------------------+-----
Axes           | 3 4 5 7 8 10 11 | 11.1
Fighting       | 4 5 6 7 8 |  8.4
Ranged Weapons | 1 2 3 4 5 6 |  6.8
Shields        | 4 5 6 7 8 |  8.1
Armour         | 4 5 6 7 8 |  8.3

Action                   |  1- 3 |  4- 6 |  7- 9 | 10-12 || total
-------------------------+-------+-------+-------+-------++-------
Melee: War axe           |    88 |    97 |   163 |    98 ||   446
       Headbutt          |     7 |    11 |    31 |    31 ||    80
 Fire: Sling             |    50 |    76 |   110 |    10 ||   246
  Use: Scroll            |     6 |     7 |     8 |     4 ||    25
Armor: Scale mail        |    65 |    47 |    19 |       ||   131
       Chain mail        |       |       |    52 |       ||    52
       Plate armour      |       |       |    13 |    47 ||    60
Dodge: Dodged            |    39 |    51 |    59 |    30 ||   179
Block: Buckler           |    36 |    39 |    44 |    46 ||   165
